 Dungeon Crawl Stone Soup version 0.25-a0-265-g7af84ae0ac (webtiles) character file.

Game seed: 17397288737697823243, levelgen mode: deterministic

361 Redear the Ducker (level 6, -1/43 HPs)
             Began as an Octopode Fighter on Dec 8, 2019.
             Slain by a goblin
             ... wielding a +0 club
             ... led by Robin
              (9 damage)
             ... on level 4 of the Dungeon.
             The game lasted 00:05:04 (2534 turns).

Redear the Ducker (Octopode Fighter)                Turns: 2534, Time: 00:05:05

Health: -1/43      AC:  1    Str: 15    XL:     6   Next: 66%
Magic:  6/6        EV: 14    Int: 11    God:
Gold:   168        SH:  9    Dex: 13    Spells: 5/5 levels left

rFire    . . .     SeeInvis .   f - +0 dagger (venom)
rCold    + . .     Gourm    .   b - +0 shield
rNeg     . . .     Faith    .   (helmet restricted)
rPois    .         Spirit   .   (no amulet)
rElec    .         Reflect  .   c - ring of protection from cold {rC+}
rCorr    .         Harm     .   r - +1 ring of evasion
MR       .....                  u - +2 ring of dexterity
Stlth    +++.......             A - -2 ring of dexterity (curse)
HPRegen  0.14/turn              (no ring)
MPRegen  0.10/turn              (no ring)
                                (no ring)
                                (no ring)

@: no status effects
A: almost no armour, stealthy swim, amphibious, 8 rings, constrict 8, camouflage
1, gelatinous body 1
a: no special abilities


You were on level 4 of the Dungeon.
You were not hungry.

You visited 1 branch of the dungeon, and saw 4 of its levels.

You collected 168 gold pieces.

Inventory:

Hand Weapons
 a - a +0 long sword
 f - a +0 dagger of venom (weapon)
Missiles
 x - 5 curare-tipped darts (quivered)
 y - 8 poisoned darts
Armour
 b - a +0 shield (worn)
Jewellery
 c - a ring of protection from cold (left tentacle) {rC+}
 r - a +1 ring of evasion (right tentacle)
 u - a +2 ring of dexterity (on tentacle)
 A - a cursed -2 ring of dexterity (on tentacle)
Scrolls
 e - 2 scrolls of fear {unknown}
 i - 3 scrolls of enchant weapon {unknown}
 k - 2 scrolls of identify {unknown}
 m - a scroll of magic mapping {unknown}
 o - a scroll of blinking {unknown}
 p - a scroll of amnesia {unknown}
 s - a scroll of teleportation {unknown}
 t - a scroll of remove curse {unknown}
 v - a scroll of noise {unknown}
 w - 2 scrolls of enchant armour {unknown}
Potions
 d - 2 potions of might {Str+5 DMG+1d10 | @q3}
 g - a potion of ambrosia
 h - 2 potions of magic
 j - a potion of invisibility {unknown}
 l - a potion of heal wounds {unknown}
 n - 2 potions of berserk rage {unknown}
 q - a potion of degeneration {unknown}
 Q - 2 potions of curing {@q2}
Comestibles
 z - 3 rations


   Skills:
 + Level 4.1 Fighting
 + Level 3.4 Long Blades
 + Level 4.2 Dodging
 + Level 3.9 Stealth
 + Level 4.2 Shields


You had 5 spell levels left.
You didn't know any spells.
Your spell library was empty.

Dungeon Overview and Level Annotations

Branches:
Dungeon (4/15)
 Temple: D:4-7

Altars:

Annotations:
D:4 Eustachio, Robin


Innate Abilities, Weirdness & Mutations

You cannot wear most types of armour.
You are very stealthy in the water. (Stealth+)
You are amphibious.
You can wear up to eight rings at the same time.
You can use your tentacles to constrict eight enemies at once.
Your skin changes colour to match your surroundings (Stealth+).
Your rubbery body absorbs attacks. (AC +1, EV +1)


Message History

You kill the goblin!
You hit the goblin.
The goblin is poisoned.
Your grab misses the goblin.
The goblin is severely wounded.
You block the goblin's attack.
You hit the goblin but do no damage. You grab the goblin.
The goblin is severely wounded.
You constrict the goblin.
You kill the goblin!
You hit the goblin but do no damage.
The goblin is poisoned.
You grab the goblin. You constrict the goblin.
The goblin no longer looks unusually strong.
The goblin misses you.
You barely miss the goblin. You squeeze the goblin.
You kill the goblin!
The goblin shoots a stone.
The stone hits you!
* * * LOW HITPOINT WARNING * * *
You take 7 damage, and have 8/43 hp.
Robin closely misses you.
The goblin unwields a +0 hunting sling.
The goblin wields a +0 club.
The goblin hits you with a +0 club!
You die...

#..### #..............#.#
#....###..............#.#
####.#..##.....###.........
.............####..####.#.##.
####.####..........##...#....
#.####....####.).(g.....#
#.........# #..(##)..##.#.
######...$# #gg###.g......
#....# #@## #g.g..#.# #..).#
#(# #..g#g# #....# ### #...#
.. #....# #.... #. #....#
#...## ##### ###.. ###


You could see Robin and a goblin.

Vanquished Creatures
  An ogre (D:4)
  Blork the orc (D:4)
  An orc priest (D:2)
  A bullfrog skeleton (D:4)
  Ijyb (D:3)
  3 adders
  An ooze (D:3)
  4 worms (D:2)
  2 dart slugs
  A leopard gecko (D:3)
  4 orcs
  2 ball pythons
  4 giant cockroaches
  13 goblins
  12 hobgoblins
  4 jackals (D:2)
  11 bats
  4 frilled lizards
  6 kobolds
  A leopard gecko skeleton (D:4)
  7 rats
84 creatures vanquished.

Notes
Turn   | Place    | Note
-------+----------+-------------------------------------------
     0 | D:1      | Redear the Octopode Fighter began the quest for the Orb.
     0 | D:1      | Reached XP level 1. HP: 16/16 MP: 1/1
    68 | D:1      | Reached XP level 2. HP: 20/21 MP: 2/2
   104 | D:1      | Reached skill level 1 in Stealth
   482 | D:1      | Reached XP level 3. HP: 26/26 MP: 3/3
   693 | D:2      | Found a faded altar of an unknown god.
   792 | D:2      | Reached skill level 2 in Stealth
   792 | D:2      | Reached XP level 4. HP: 14/31 MP: 4/4
   866 | D:2      | HP: 3/31 [kobold/+0 whip (6)]
  1337 | D:2      | Reached XP level 5. HP: 21/36 MP: 5/5
  1367 | D:2      | You fall into a shaft and drop 1 floor!
  1464 | D:3      | Noticed Ijyb
  1470 | D:3      | Paralysed by Ijyb for 6 turns
  1481 | D:3      | Paralysed by Ijyb for 7 turns
  1491 | D:3      | Paralysed by Ijyb for 5 turns
  1514 | D:3      | Killed Ijyb
  1514 | D:3      | Reached skill level 3 in Long Blades
  1514 | D:3      | Reached skill level 3 in Stealth
  1525 | D:3      | HP: 5/55 [poisoned by Ijyb]
  1530 | D:3      | HP: 4/55 [poisoned by Ijyb]
  1538 | D:3      | HP: 2/37 [poisoned by Ijyb]
  2300 | D:4      | Noticed Blork the orc
  2304 | D:4      | Noticed Eustachio
  2321 | D:4      | Noticed an ogre
  2326 | D:4      | Killed Blork the orc
  2326 | D:4      | Reached skill level 4 in Dodging
  2326 | D:4      | Reached skill level 4 in Shields
  2326 | D:4      | Reached XP level 6. HP: 37/43 MP: 6/6
  2344 | D:4      | Reached skill level 4 in Fighting
  2496 | D:4      | Noticed Robin
  2534 | D:4      | Slain by a goblin

Levels and vault maps discovered:
D:1:      tarquinn_simple_flora_water_f, layout_basic, hangedman_decor_lopped,
          chequers_decorated_corner
D:2:      layout_rooms, chequers_ecumenical_altar_simple, first_ration,
          minmay_tetromino_o2
D:3:      layout_basic, uniq_ijyb
D:4:      layout_rooms, minmay_temple_entry_ruins, minmay_rat_hole,
          uniq_blork_the_orc, uniq_eustachio, uniq_robin, uniq_edmund

Skill      XL: |  1  2  3  4  5  6 |
---------------+-------------------+-----
Stealth        | 1 2 3 |  3.9
Long Blades    | 3 |  3.4
Dodging        | 4 |  4.2
Shields        | 4 |  4.2
Fighting       | 4 |  4.1

Action                   |  1- 3 |  4- 6 || total
-------------------------+-------+-------++-------
Melee: Long sword        |    71 |    64 ||   135
       Constrict         |    22 |    30 ||    52
       Tentacles         |    13 |    22 ||    35
       Dagger            |       |    42 ||    42
  Use: Potion            |       |     7 ||     7
 Stab: Sleeping          |     3 |     2 ||     5
  Eat: Chunk             |       |     3 ||     3
       Ration            |       |     1 ||     1
Armor: Skin              |    13 |    29 ||    42
Dodge: Dodged            |    46 |    50 ||    96
Block: Shield            |    45 |    40 ||    85
       Rpst.: Long sword |    11 |    10 ||    21

Table legend:
 A = Non-vault XP
 B = Vault XP
 C = Vault XP percentage of total XP
 D = Non-vault monster count
 E = Vault monster count
 F = Vault count percentage of total count
                 A         B        C        D         E       F
            +---------+---------+-------+---------+---------+-------
      Total |     357 |     160 |  30.9 |      69 |      15 |  17.9
            +---------+---------+-------+---------+---------+-------
        D:1 |      41 |       0 |   0.0 |      26 |       0 |   0.0
        D:2 |     127 |       7 |   5.2 |      30 |       2 |   6.2
        D:3 |      33 |      36 |  52.2 |       8 |       1 |  11.1
        D:4 |     156 |     117 |  42.9 |       5 |      12 |  70.6
            +---------+---------+-------+---------+---------+-------
